 Dungeon Crawl Stone Soup version 0.22.1-2-g9c5b331 (webtiles) character file.

35 whitewolfNL the Cudgeler (level 3, -1/33 HPs)
             Began as a Minotaur Berserker on Dec 2, 2018.
             Was a Follower of Trog.
             Slain by a goblin
             ... wielding a +0 dagger
             ... led by Robin
              (5 damage)
             ... on level 2 of the Dungeon.
             The game lasted 00:02:10 (718 turns).

whitewolfNL the Cudgeler (Minotaur Berserker)        Turns: 718, Time: 00:02:11

Health: -1/33      AC:  3    Str: 21    XL:     3   Next: 16%
Magic:  2/2        EV: 12    Int:  5    God:    Trog [*.....]
Gold:   101        SH:  0    Dex:  9    Spells: 2/2 levels left

rFire    . . .     SeeInvis .   a - +0 mace
rCold    . . .     Gourm    .   (no shield)
rNeg     . . .     Faith    .   m - +0 leather armour
rPois    .         Spirit   .   (helmet restricted)
rElec    .         Reflect  .   (no cloak)
rCorr    .         Harm     .   (no gloves)
MR       .....                  (no boots)
Stlth    +.........             (no amulet)
HPRegen  0.11/turn              (no ring)
MPRegen  0.08/turn              (no ring)

@: berserk cooldown, slowed, very slow
A: retaliatory headbutt, horns 2
a: Berserk, Renounce Religion


You were on level 2 of the Dungeon.
You worshipped Trog.
Trog was aware of your devotion.
You were not hungry.

You visited 1 branch of the dungeon, and saw 2 of its levels.

You collected 101 gold pieces.

Inventory:

Hand Weapons
 a - a +0 mace (weapon)
Missiles
 i - 6 silver javelins (quivered)
 n - 23 arrows
 p - 18 sling bullets
Armour
 b - a +0 animal skin
 m - a +0 leather armour (worn)
Scrolls
 g - 4 scrolls of identify {unknown}
 j - 3 scrolls of remove curse {unknown}
 k - a scroll of fog {unknown}
 l - 2 scrolls of teleportation {unknown}
 o - a scroll of enchant weapon {unknown}
Potions
 d - a potion of magic {unknown}
 e - a potion of might {unknown}
 h - a potion of curing {unknown}
Comestibles
 c - 5 rations
 f - 2 chunks of flesh


   Skills:
 + Level 4.0 Fighting
 * Level 4.3 Maces & Flails
 * Level 2.7 Armour
 * Level 2.5 Dodging
 * Level 0.5 Stealth


You had 2 spell levels left.
You didn't know any spells.
Your spell library was empty.

Dungeon Overview and Level Annotations

Branches:
Dungeon (2/15)

Altars:

Annotations:
D:2 Robin


Innate Abilities, Weirdness & Mutations

You reflexively headbutt those who attack you in melee.
You have a pair of horns on your head.


Message History

A goblin comes into view. It is wielding a club.
You hit the goblin.
You kill the goblin!
Trog accepts your kill. The goblin hits you with a dagger.
Robin throws the goblin at you! The goblin barely misses you.
A goblin comes into view. It is wielding a club.
The goblin hits you with a dagger.
* * * LOW HITPOINT WARNING * * *
You hit the goblin.
The goblin is severely wounded.
The goblin barely misses you. The goblin hits you with a dagger.
* * * LOW HITPOINT WARNING * * *
The goblin closely misses you. The goblin hits you with a dagger.
* * * LOW HITPOINT WARNING * * *
You hit the goblin.
You kill the goblin!
Trog accepts your kill. The goblin hits you with a dagger.
You die...

#.# ..#
########.#####.#####
#..................#
###..#######......##.#
..................<#.#
..........#........#.#
≈≈........###.#......#
..≈...)...###.#####gg#
..≈..≈≈...≈##..)@gKg?#
.≈..≈..≈..≈≈#######g)#
.≈.⌠≈..≈..≈≈# ##....
≈..≈⌠.≈...≈≈# ..g.##
≈..≈..≈..≈≈≈# ....#
.≈≈..≈..≈≈≈## g.)[.#
..÷..≈..≈.## ##...#
......≈≈..# #...#
..........##


You could see Robin, a hobgoblin, 3 goblins and a kobold.

Vanquished Creatures
  An adder (D:2)
  3 dart slugs
  6 goblins (D:2)
  A hobgoblin (D:2)
  6 bats
  2 rats
19 creatures vanquished.

Vanquished Creatures (others)
  A leopard gecko (D:2)
1 creature vanquished.

Grand Total: 20 creatures vanquished

Notes
Turn   | Place    | Note
-------+----------+-------------------------------------------
     0 | D:1      | whitewolfNL the Minotaur Berserker began the quest for the
                  | Orb.
     0 | D:1      | Reached XP level 1. HP: 19/19 MP: 0/0
   504 | D:1      | Reached XP level 2. HP: 27/27 MP: 1/1
   703 | D:2      | Noticed Robin
   708 | D:2      | Reached XP level 3. HP: 30/33 MP: 2/2
   718 | D:2      | Slain by a goblin

Skill      XL: |  1  2 |
---------------+-------+-----
Maces & Flails | 4 |  4.3
Fighting       | 4 |  4.0
Armour         | |  2.7
Dodging        | |  2.5
Stealth        | |  0.5

Action                   || total
-------------------------++-------
Melee: Mace              ||    32
       Headbutt          ||     2
Invok: Berserk           ||     1
 Stab: Sleeping          ||     1
Armor: Animal skin       ||     5
       Leather armour    ||    16
Dodge: Dodged            ||    45
